 Dungeon Crawl Stone Soup version 0.28-a0-556-gab23d0e057 (webtiles) character file.

Game seed: 12402246821630224941

18645 frimble the Frost Mage (level 12, -20/91 HPs)
             Began as a Gnoll Ice Elementalist on Sept 29, 2021.
             Was an Initiate of Ashenzari.
             Demolished by a minotaur (32 damage)
             ... in a Gauntlet.
             The game lasted 00:24:20 (14488 turns).

frimble the Frost Mage (Gnoll Ice Elementalist)    Turns: 14488, Time: 00:24:21

Health: -20/91     AC: 14    Str: 10    XL:     12   Next: 60%
Magic:  25/25      EV: 18    Int: 16    God:    Ashenzari [......]
Gold:   576        SH:  7    Dex: 23    Spells: 21/29 levels left

rFire   . . .      SeeInvis .   a - +4 short sword (spect)
rCold   . . .      Faith    .   x - +0 buckler
rNeg    . . .      Spirit   .   L - +0 troll leather armour
rPois   .          Reflect  .   M - +2 hat
rElec   .          Harm     .   n - +2 cloak
rCorr   .          Rampage  .   D - +2 pair of gloves {Dex+3}
Will    .....      NoTele   +   (no boots)
Stlth   ++++......              (no amulet)
HPRegen 1.25/turn               e - +6 ring of dexterity
MPRegen 0.19/turn               i - ring of wizardry

@: mighty, very slightly contaminated, invisible
A: fangs 1, strong nose, distributed training
a: Renounce Religion, Curse Item


You were in a Gauntlet.
You worshipped Ashenzari.
Ashenzari was noncommittal.
You visited 3 branches of the dungeon, and saw 14 of its levels.
You also visited: Gauntlet.

You collected 793 gold pieces.
You spent 217 gold pieces at shops.

Inventory:

Hand Weapons
 a - a +4 spectral short sword (weapon)
 b - the +12 great mace of Quantum Leap {speed, Will+ Int+7 Dex-4}
   (You acquired it on level 10 of the Dungeon)

   Attacks with this weapon are significantly faster.
   Int:       It affects your intelligence (+7).
   Dex:       It affects your dexterity (-4).
   Will:      It increases your willpower.
 f - a +5 falchion of freezing
 H - a +2 falchion of holy wrath
Missiles
 m - a throwing net
 N - 2 curare-tipped darts
Armour
 j - a +0 kite shield
 n - a +2 cloak (worn)
 x - a +0 buckler (worn)
 D - a +2 pair of gloves of dexterity (worn)
 L - a +0 troll leather armour (worn)
 M - a +2 hat (worn)
Jewellery
 e - a +6 ring of dexterity (left hand)
 g - a ring of protection from cold
 i - a ring of wizardry (right hand)
 K - a ring of see invisible
Wands
 y - a wand of digging (7)
 F - a wand of flame (24)
Scrolls
 c - 2 scrolls of amnesia
 k - 3 scrolls of teleportation
 q - a scroll of enchant armour
 r - 4 scrolls of magic mapping
 u - 2 scrolls of enchant weapon
 v - a scroll of brand weapon
 J - 3 scrolls of blinking
Potions
 d - 3 potions of haste
 h - 3 potions of curing
 l - a potion of attraction
 o - 4 potions of mutation
 s - 3 potions of magic
 w - 3 potions of flight
 z - a potion of brilliance
 A - 2 potions of cancellation
 B - 2 potions of degeneration
Miscellaneous
 p - a lightning rod (4/4)


   Skills:
 + Level 7.4 Fighting
 + Level 7.4 Short Blades
 + Level 7.4 Long Blades
 + Level 7.4 Axes
 + Level 7.4 Maces & Flails
 + Level 7.4 Polearms
 + Level 7.4 Staves
 + Level 7.4 Slings
 + Level 7.4 Bows
 + Level 7.4 Crossbows
 + Level 7.4 Throwing
 + Level 7.4 Armour
 + Level 8.8 Dodging
 + Level 8.6 Stealth
 + Level 7.4 Shields
 + Level 7.4 Unarmed Combat
 + Level 9.1 Spellcasting
 + Level 6.2 Conjurations
 + Level 6.2 Hexes
 + Level 6.2 Summonings
 + Level 6.2 Necromancy
 + Level 6.2 Translocations
 + Level 6.2 Transmutations
 + Level 6.2 Fire Magic
 + Level 9.5 Ice Magic
 + Level 6.2 Air Magic
 + Level 6.2 Earth Magic
 + Level 6.2 Poison Magic
 + Level 8.2 Invocations
 + Level 7.4 Evocations


You had 21 spell levels left.
You knew the following spells:

 Your Spells              Type           Power      Damage    Failure   Level
a - Freeze                Ice            100%       1d11      1%          1
b - Frozen Ramparts       Ice            74%        1d9       1%          3
c - Ozocubu's Armour      Ice            37%        N/A       1%          3
d - Apportation           Tloc           54%        N/A       1%          1

Your spell library contained the following spells:

 Spells                   Type           Power      Damage    Failure   Level
 Slow                     Hex            27%        N/A       1%          2
 Confusing Touch          Hex            27%        N/A       1%          3
 Hailstorm                Conj/Ice       32%        3d8       1%          4
 Metabolic Englaciation   Hex/Ice        16%        N/A       6%          5
 Alistair's Intoxication  Tmut/Pois      18%        N/A       12%         5
 Yara's Violent Unravell  Hex/Tmut       13%        3d7       12%         5
 Invisibility             Hex            13%        N/A       50%         6
 Iron Shot                Conj/Erth      13%        9d3       50%         6


Dungeon Overview and Level Annotations

Branches:
Dungeon (12/15)            Temple (1/1) D:4            Lair (1/6) D:10
    Orc (0/2) D:11        Gauntlet (1/1)

Altars:
Ashenzari
Cheibriados
Dithmenos
Elyvilon
Fedhas
Gozag
Hepliaklqana
Kikubaaqudgha
Makhleb
Nemelex Xobeh
Okawaru
Qazlal
Ru
Sif Muna
Trog
Uskayaw
Vehumet
Wu Jian
Xom
Yredelemnul
Zin
The Shining One

Shops:
D:7 *

Annotations:
Gauntlet 8 transporters, exclusion: oklob plant


Innate Abilities, Weirdness & Mutations

You have very sharp teeth.
Your uncanny sense of smell can sniff out nearby items.
Your experience applies equally to all skills.


Message History

Your +4 spectral short sword hits the minotaur.
You block the minotaur's attack. The minotaur gores you.
* * * LOW HITPOINT WARNING * * *
Okay, then.
Unknown command.
You feel much better. The minotaur completely misses you.
The minotaur gores you but does no damage.
You feel very mighty all of a sudden. The minotaur closely misses you.
The minotaur misses you.
You catch the helpless minotaur completely off-guard!
You impale the minotaur!!
The minotaur is severely wounded.
Your +4 spectral short sword hits the minotaur but does no damage.
You hit the minotaur.
The minotaur is severely wounded.
Your +4 spectral short sword hits the minotaur but does no damage.
The minotaur hits you with a +5 morningstar of holy wrath.
The minotaur misses you.
You puncture the minotaur!
The minotaur is almost dead.
Your +4 spectral short sword hits the minotaur!
The minotaur hits you with a +5 morningstar of holy wrath!!
* * * LOW HITPOINT WARNING * * *
The minotaur gores you but does no damage.
You barely miss the minotaur.
The minotaur is almost dead.
Your +4 spectral short sword hits the minotaur but does no damage.
You hit the minotaur but do no damage.
The minotaur is almost dead.
Your +4 spectral short sword hits the minotaur but does no damage.
The minotaur hits your +4 spectral short sword with a +5 morningstar of holy wrath!!
Your spectral weapon shares its damage with you!
Your +4 spectral short sword fades away.
* * * LOW HITPOINT WARNING * * *
You barely miss the minotaur.
The minotaur bellows!
The minotaur is almost dead.
Your +4 spectral short sword hits the minotaur.
The minotaur hits you with a +5 morningstar of holy wrath!!
You die...

#.....Y...........#
#####.###.###.#####
###.###.###.#
#............ #
#.###.###.###.#
#.............#
#######'#######
###.## #.∩@.#
#.(H§+∆ +⌠...#
#..⌠.# ###+##


You could see a minotaur and a friendly +4 spectral short sword (summoned).

Vanquished Creatures
  Erolcha (D:10)
  2 hydras
  A two-headed ogre (D:8)
  A wizard (D:11)
  Maurice (D:10)
  2 cyclopes
  2 elephants (Lair:1)
  A black mamba (Lair:1)
  A gargoyle (Gauntlet)
  4 cane toads (Lair:1)
  An unseen horror (D:11)
  A komodo dragon (Lair:1)
  3 trolls
  A hornet (D:9)
  Prince Ribbit (D:9)
  11 blink frogs (Lair:1)
  A shadow (D:10)
  A vampire (D:11)
  A wraith (D:11)
  2 basilisks (Lair:1)
  3 yaks (D:10)
  A chaos spawn (Gauntlet)
  3 wyverns
  Grum (D:9)
  A steam dragon (D:7)
  A neqoxec (Gauntlet)
  A swamp worm (Gauntlet)
  6 wargs
  An acid dragon (D:11)
  3 water moccasins
  An ice beast (D:6)
  A sky beast (D:7)
  A black bear (D:8)
  3 orc warriors
  4 wolves (D:9)
  A necrophage (D:5)
  4 ogres
  3 centaurs
  A phantom (D:6)
  4 kobold brigands
  7 bullfrogs
  A scorpion (D:7)
  A water moccasin skeleton (D:7)
  5 killer bees (D:8)
  9 wights
  A bullfrog zombie (D:3)
  3 hounds
  2 centaur zombies
  A bullfrog skeleton (D:6)
  6 orc priests
  A centaur skeleton (D:7)
  Jessica (D:2)
  2 iguanas (D:5)
  Ijyb (D:5)
  Terence (D:2)
  17 orc wizards
  A killer bee zombie (D:8)
  A hound skeleton (D:4)
  2 howler monkey zombies
  9 adders
  4 gnolls (D:3)
  A howler monkey skeleton (D:7)
  A shadow imp (D:6)
  A white imp (D:7)
  2 ufetubi (D:7)
  4 dart slugs
  47 orcs
  8 endoplasms
  A giant cockroach (D:1)
  4 goblins
  3 hobgoblins
  4 jackals (D:3)
  2 quokkas (D:1)
  12 ball pythons
  5 bats
  2 frilled lizards
  21 kobolds
  4 rats
281 creatures vanquished.

Vanquished Creatures (collateral kills)
  A gargoyle (D:11)
  A tyrant leech (Gauntlet)
  2 swamp worms (Gauntlet)
  An adder (Lair:1)
5 creatures vanquished.

Vanquished Creatures (others)
  A basilisk (Lair:1)
  22 fungi
  36 plants
59 creatures vanquished.

Grand Total: 345 creatures vanquished

Notes
Turn   | Place    | Note
-------+----------+-------------------------------------------
     0 | D:1      | frimble the Gnoll Ice Elementalist began the quest for the
                  | Orb.
     0 | D:1      | Reached XP level 1. HP: 13/13 MP: 6/6
   426 | D:1      | Reached XP level 2. HP: 17/19 MP: 7/7
  1663 | D:1      | Found a faded altar of an unknown god.
  1677 | D:1      | Reached XP level 3. HP: 19/25 MP: 7/9
  2000 | D:1      | Learned a level 3 spell: Frozen Ramparts
  2004 | D:1      | Learned a level 3 spell: Ozocubu's Armour
  2016 | D:2      | Reached skill level 5 in Spellcasting
  2324 | D:2      | Noticed Terence
  2340 | D:2      | Killed Terence
  2341 | D:2      | Reached skill level 1 in Fighting
  2341 | D:2      | Reached skill level 1 in Short Blades
  2341 | D:2      | Reached skill level 1 in Long Blades
  2341 | D:2      | Reached skill level 1 in Axes
  2341 | D:2      | Reached skill level 1 in Maces & Flails
  2341 | D:2      | Reached skill level 1 in Polearms
  2341 | D:2      | Reached skill level 1 in Staves
  2341 | D:2      | Reached skill level 1 in Slings
  2341 | D:2      | Reached skill level 1 in Bows
  2341 | D:2      | Reached skill level 1 in Crossbows
  2341 | D:2      | Reached skill level 1 in Throwing
  2341 | D:2      | Reached skill level 1 in Armour
  2341 | D:2      | Reached skill level 1 in Shields
  2341 | D:2      | Reached skill level 1 in Unarmed Combat
  2341 | D:2      | Reached skill level 1 in Invocations
  2341 | D:2      | Reached skill level 1 in Evocations
  2471 | D:2      | Noticed Jessica
  2483 | D:2      | Killed Jessica
  2484 | D:2      | Reached XP level 4. HP: 16/32 MP: 7/11
  2902 | D:2      | Reached skill level 1 in Conjurations
  2902 | D:2      | Reached skill level 1 in Hexes
  2902 | D:2      | Reached skill level 1 in Summonings
  2902 | D:2      | Reached skill level 1 in Necromancy
  2902 | D:2      | Reached skill level 1 in Translocations
  2902 | D:2      | Reached skill level 1 in Transmutations
  2902 | D:2      | Reached skill level 1 in Fire Magic
  2902 | D:2      | Reached skill level 1 in Air Magic
  2902 | D:2      | Reached skill level 1 in Earth Magic
  2902 | D:2      | Reached skill level 1 in Poison Magic
  3138 | D:3      | Reached XP level 5. HP: 19/37 MP: 6/12
  4024 | D:3      | Reached XP level 6. HP: 44/44 MP: 5/13
  4337 | D:3      | Reached skill level 5 in Dodging
  4723 | D:4      | Found a staircase to the Ecumenical Temple.
  4782 | D:4      | Learned a level 1 spell: Apportation
  4909 | D:4      | Found a bloodstained altar of Trog.
  4966 | D:5      | Entered Level 5 of the Dungeon
  4966 | D:5      | Noticed Ijyb
  4975 | D:5      | Killed Ijyb
  5014 | D:5      | Reached XP level 7. HP: 35/50 MP: 15/15
  5545 | D:5      | Reached skill level 5 in Stealth
  5731 | D:5      | Found a glowing golden altar of the Shining One.
  5794 | D:6      | Reached XP level 8. HP: 57/57 MP: 16/16
  6247 | D:6      | Noticed a cyclops
  6272 | D:6      | HP: 1/87 [cyclops (9)]
  6274 | D:6      | Killed a cyclops
  6286 | D:6      | Reached XP level 9. HP: 20/65 MP: 3/18
  7530 | D:7      | Found Jeadiejogi's Assorted Antiques.
  7590 | D:7      | Bought a scroll of magic mapping for 94 gold pieces
  7590 | D:7      | Bought 2 smoky coppery potions for 48 gold pieces
  7590 | D:7      | Bought a murky yellow potion for 24 gold pieces
  7590 | D:7      | Bought a scroll labelled PIUBRU ILUFFU for 27 gold pieces
  7590 | D:7      | Bought a black potion for 24 gold pieces
  7799 | D:7      | Found a shimmering altar of Xom.
  7800 | D:7      | Found an opulent altar of Gozag.
  8009 | D:7      | Found a hazy altar of Hepliaklqana.
  8323 | D:7      | Found a hide-covered altar of Uskayaw.
  8324 | D:7      | Found an ornate altar of the Wu Jian Council.
  8454 | D:8      | Reached skill level 5 in Invocations
  8562 | D:8      | Reached XP level 10. HP: 70/73 MP: 20/20
  8579 | D:8      | Noticed a two-headed ogre
  8590 | D:8      | Killed a two-headed ogre
  8591 | D:8      | Reached skill level 5 in Fighting
  8591 | D:8      | Reached skill level 5 in Short Blades
  8591 | D:8      | Reached skill level 5 in Long Blades
  8591 | D:8      | Reached skill level 5 in Axes
  8591 | D:8      | Reached skill level 5 in Maces & Flails
  8591 | D:8      | Reached skill level 5 in Polearms
  8591 | D:8      | Reached skill level 5 in Staves
  8591 | D:8      | Reached skill level 5 in Slings
  8591 | D:8      | Reached skill level 5 in Bows
  8591 | D:8      | Reached skill level 5 in Crossbows
  8591 | D:8      | Reached skill level 5 in Throwing
  8591 | D:8      | Reached skill level 5 in Armour
  8591 | D:8      | Reached skill level 5 in Shields
  8591 | D:8      | Reached skill level 5 in Unarmed Combat
  8591 | D:8      | Reached skill level 5 in Evocations
  9695 | D:9      | Noticed Grum
  9698 | D:9      | Killed Grum
  9936 | D:9      | Noticed Prince Ribbit
  9941 | D:9      | Killed Prince Ribbit
 10740 | D:10     | Entered Level 10 of the Dungeon
 10813 | D:10     | Found a staircase to the Lair.
 11356 | D:10     | Found an ancient bone altar of Kikubaaqudgha.
 11356 | D:10     | Noticed Erolcha
 11358 | D:10     | Reached XP level 11. HP: 81/81 MP: 22/22
 11370 | D:10     | Killed Erolcha
 11371 | D:10     | Reached skill level 5 in Conjurations
 11371 | D:10     | Reached skill level 5 in Hexes
 11371 | D:10     | Reached skill level 5 in Summonings
 11371 | D:10     | Reached skill level 5 in Necromancy
 11371 | D:10     | Reached skill level 5 in Translocations
 11371 | D:10     | Reached skill level 5 in Transmutations
 11371 | D:10     | Reached skill level 5 in Fire Magic
 11371 | D:10     | Reached skill level 5 in Air Magic
 11371 | D:10     | Reached skill level 5 in Earth Magic
 11371 | D:10     | Reached skill level 5 in Poison Magic
 11687 | D:10     | Noticed Maurice
 11713 | D:10     | Killed Maurice
 11728 | D:10     | Identified a scroll of acquirement
 11728 | D:10     | Acquired the +12 great mace of Quantum Leap {speed, Will+
                  | Int+7 Dex-4}
 12019 | D:11     | Noticed a six-headed hydra
 12027 | D:11     | Killed a six-headed hydra
 12055 | D:11     | Noticed a cyclops
 12279 | Temple   | Entered the Ecumenical Temple
 12355 | Temple   | Became a worshipper of Ashenzari the Shackled
 12480 | Lair:1   | Entered Level 1 of the Lair of Beasts
 12505 | Lair:1   | Noticed a four-headed hydra
 12703 | Lair:1   | Killed a four-headed hydra
 12732 | Lair:1   | Identified the Guide on the Freezing Mountains
 12903 | Lair:1   | Reached XP level 12. HP: 52/89 MP: 24/24
 13265 | Lair:1   | Found a hide-covered altar of Uskayaw.
 13450 | D:11     | Found a staircase to the Orcish Mines.
 13516 | D:11     | Found a shadowy altar of Dithmenos.
 14034 | D:12     | Found a gate leading to a gauntlet.
 14079 | Gauntlet | Entered a Gauntlet
 14079 | Gauntlet | Found a transporter.
 14085 | Gauntlet | Noticed a catoblepas
 14089 | Gauntlet | Found a transporter.
 14100 | Gauntlet | Found a transporter.
 14103 | Gauntlet | Found a transporter.
 14114 | Gauntlet | Noticed a green death
 14117 | Gauntlet | Found a transporter.
 14118 | Gauntlet | Identified the amulet of Zaciamuq {Harm rPois rC- Regen+}
 14132 | Gauntlet | Found a transporter.
 14134 | Gauntlet | Noticed a death yak
 14134 | Gauntlet | Noticed a death yak
 14134 | Gauntlet | Noticed a death yak
 14134 | Gauntlet | Noticed a death yak
 14141 | Gauntlet | Identified the +1 helmet of Privacy {*Slow rPois Str+2}
 14144 | Gauntlet | Found a transporter.
 14144 | Gauntlet | Noticed a death yak
 14155 | Gauntlet | Found a transporter.
 14160 | Gauntlet | Found a transporter.
 14189 | Gauntlet | Found a transporter.
 14189 | Gauntlet | Found a transporter.
 14241 | Gauntlet | Found a transporter.
 14244 | Gauntlet | Found a transporter.
 14254 | Gauntlet | Found a transporter.
 14470 | Gauntlet | Identified the ring of Ykoomin {rF+ Dex+7 Slay-6}
 14470 | Gauntlet | Noticed a minotaur
 14488 | Gauntlet | Demolished by a minotaur

Illustrated notes

Levels and vault maps discovered:
D:1:      tarquinn_simple_flora_water_e, layout_basic,
          shapermc_ecumenical_altar_mp_vishouse, skrybe_limestone_x, st_stairs_7
D:2:      layout_loops_ring, grunt_decor_cap, uniq_terence, uniq_jessica
D:3:      layout_basic
D:4:      layout_rooms, mainiacjoe_overflow_alcove_1,
          minmay_temple_entry_slanted
D:5:      layout_rooms, nicolae_tso_swordbearing_angel, uniq_ijyb
D:6:      layout_basic, kennysheep_nub, small_statue_alley_b
D:7:      layout_rooms, lemuel_coloured_pillars_altar,
          mainiacjoe_overflow_divided_tiny, gammafunk_temple_overflow_statue,
          serial_shops, shop
D:8:      layout_basic
D:9:      layout_roguey, minmay_variable_closet, lemuel_flamethrower_1,
          uniq_prince_ribbit1, uniq_grum
D:10:     layout_loops_ring, kiku_gazebo_pond_becter, erik_lair_orcish_takeover,
          uniq_maurice, uniq_erolcha
D:11:     layout_roguey, minmay_orc_entry_guard_dogs,
          chequers_serial_rivers_small_3, nicolae_dithmenos_the_darkroom
D:12:     layout_big_octagon, gauntlet_entry_generic
Temple:   zaba_magenta_temple
Lair:1:   minmay_lair_venomous_thicket, layout_regular_city, basic_altar,
          grunt_megastairs_3, infiniplex_staircase_pool, serial_bayou_shore_a,
          lemuel_fruit_tree
Gauntlet: minmay_gauntlet_77_tree [minmay_gauntlet_arena_77_p_blocks,
          minmay_gauntlet_arena_77_broken_ladder,
          minmay_gauntlet_arena_77_block_sizes, minmay_gauntlet_arena_77_museum,
          minmay_gauntlet_arena_77_tiled_triplets,
          minmay_gauntlet_arena_77_double_cross,
          minmay_gauntlet_arena_77_chump_sandwich, gauntlet_exit_hidden_loot]

Skill      XL: |  1  2  3  4  5  6  7  8  9 10 11 12 |
---------------+-------------------------------------+-----
Spellcasting   | 5 6 7 8 9 |  9.1
Fighting       | 1 2 3 4 5 6 7 |  7.4
Short Blades   | 1 2 3 4 5 6 7 |  7.4
Long Blades    | 1 2 3 4 5 6 7 |  7.4
Axes           | 1 2 3 4 5 6 7 |  7.4
Maces & Flails | 1 2 3 4 5 6 7 |  7.4
Polearms       | 1 2 3 4 5 6 7 |  7.4
Staves         | 1 2 3 4 5 6 7 |  7.4
Slings         | 1 2 3 4 5 6 7 |  7.4
Bows           | 1 2 3 4 5 6 7 |  7.4
Crossbows      | 1 2 3 4 5 6 7 |  7.4
Throwing       | 1 2 3 4 5 6 7 |  7.4
Armour         | 1 2 3 4 5 6 7 |  7.4
Shields        | 1 2 3 4 5 6 7 |  7.4
Unarmed Combat | 1 2 3 4 5 6 7 |  7.4
Invocations    | 1 2 3 4 5 6 7 8 |  8.2
Evocations     | 1 2 3 4 5 6 7 |  7.4
Conjurations   | 1 2 3 4 5 6 |  6.2
Hexes          | 1 2 3 4 5 6 |  6.2
Summonings     | 1 2 3 4 5 6 |  6.2
Necromancy     | 1 2 3 4 5 6 |  6.2
Translocations | 1 2 3 4 5 6 |  6.2
Transmutations | 1 2 3 4 5 6 |  6.2
Fire Magic     | 1 2 3 4 5 6 |  6.2
Air Magic      | 1 2 3 4 5 6 |  6.2
Earth Magic    | 1 2 3 4 5 6 |  6.2
Poison Magic   | 1 2 3 4 5 6 |  6.2
Dodging        | 5 6 7 8 |  8.8
Stealth        | 5 6 7 8 |  8.6
Ice Magic      | 8 9 |  9.5

Action                   |  1- 3 |  4- 6 |  7- 9 | 10-12 || total
-------------------------+-------+-------+-------+-------++-------
Melee: Unarmed           |    61 |       |       |       ||    61
       Bite              |     7 |    20 |    37 |    75 ||   139
       Staff             |    36 |    81 |       |       ||   117
       Short sword       |       |    67 |   237 |   458 ||   762
       Punch             |       |     1 |       |     8 ||     9
       Falchion          |       |       |       |    51 ||    51
       Great mace        |       |       |       |    12 ||    12
 Cast: Freeze            |    25 |     6 |       |     4 ||    35
       Frozen Ramparts   |     2 |     7 |    15 |    22 ||    46
       Ozocubu's Armour  |     2 |     4 |    14 |    26 ||    46
Evoke: Wand              |       |       |     5 |    14 ||    19
  Use: Scroll            |     2 |     4 |     7 |     8 ||    21
       Potion            |       |       |     4 |     5 ||     9
 Stab: Sleeping          |     7 |     7 |     7 |    12 ||    33
       Distracted        |       |     1 |     1 |     7 ||     9
       Petrified         |       |       |       |     1 ||     1
       Invisible         |       |       |       |     2 ||     2
Armor: Robe              |    18 |    66 |    54 |    31 ||   169
       Skin              |       |       |    11 |       ||    11
       Troll leather arm |       |       |       |   148 ||   148
Dodge: Dodged            |    90 |   160 |   155 |   396 ||   801
Block: Buckler           |       |       |    35 |    83 ||   118

Table legend: (Time is in decaauts)
 A = Elapsed time spent in this place.
 B = Non-inter-level travel time spent in this place.
 C = Inter-level travel time spent in this place.
 D = Time resting spent in this place.
 E = Time spent auto-exploring this place.
 F = Levels seen in this place.
 G = Mean time per level.
                   A        B        C        D        E       F      G
               +--------+--------+--------+--------+--------+-----+--------+
         Total |  14449 |  13554 |    895 |      0 |  10989 |  15 |  963.3 |
       Dungeon |  13102 |  12230 |    872 |      0 |  10197 |  12 | 1091.8 |
        Temple |     85 |     85 |      0 |      0 |     50 |   1 |   85.0 |
          Lair |    849 |    827 |     22 |      0 |    530 |   1 |  849.0 |
      Gauntlet |    411 |    411 |      0 |      0 |    212 |   1 |  411.0 |
               +--------+--------+--------+--------+--------+-----+--------+

Top non-repeatable levels by time:
     D:1: 1954 daAuts
     D:9: 1524 daAuts
     D:3: 1417 daAuts
     D:6: 1377 daAuts
    D:10: 1174 daAuts
     D:2: 1166 daAuts
     D:7: 1151 daAuts
     D:8: 1116 daAuts
     D:5: 1017 daAuts
  Lair:1: 849 daAuts
    D:11: 665 daAuts
     D:4: 481 daAuts
Gauntlet: 411 daAuts
  Temple: 85 daAuts
    D:12: 55 daAuts
